 Dungeon Crawl Stone Soup version 0.32-a0-818-gb728d0252e (webtiles) character file.

Game seed: 16993263201685322290

1399 croobank the Caller (level 8, -3/63 HPs)
             Began as a Demigod Summoner on Mar 24, 2024.
             Killed from afar by a steam dragon (24 damage)
             ... with a ball of steam
             ... on level 7 of the Dungeon.
             The game lasted 00:24:31 (6654 turns).

croobank the Caller (Demigod Summoner)              Turns: 6654, Time: 00:24:31

Health: -3/63      AC:  4    Str:  9    XL:     8   Next: 18%
Magic:  16/16      EV: 12    Int: 25    God:
Gold:   289        SH:  0    Dex: 14    Spells: 4/14 levels left

rFire   . . .        f - +0 dagger
rCold   . . .        (no shield)
rNeg    . . .        a - +0 robe
rPois   +            (no helmet)
rElec   .            (no cloak)
rCorr   .            o - +0 pair of gloves
SInv    .            F - +0 pair of boots
Will    .....        (no amulet)
Stlth   +++          q - ring of poison resistance
HPRegen 0.30/turn    t - ring of wizardry
MPRegen 0.15/turn

%: wizardry (x1)
@: no status effects
A: high MP 1, forlorn, divine attributes
a: no special abilities


You were on level 7 of the Dungeon.
You visited 1 branch of the dungeon, and saw 7 of its levels.

You collected 289 gold pieces.

Inventory:

Hand Weapons
 d - a +0 war axe
 f - a +0 dagger (weapon)
 j - a +2 mace
 z - a +0 trident
 D - a +2 vampiric war axe
Missiles
 E - 9 poisoned darts (quivered)
Armour
 a - a +0 robe (worn)
 i - a +2 ring mail of poison resistance
 k - a +0 buckler
 o - a +0 pair of gloves (worn)
 F - a +0 pair of boots (worn)
Jewellery
 m - a ring of ice
 q - a ring of poison resistance (left hand)
 s - a +6 ring of strength
 t - a ring of wizardry (right hand)
 x - a ring of protection from cold
 G - a ring of fire
Talismans
 r - a beast talisman
Wands
 u - a wand of flame (13)
 I - a wand of roots (9)
Scrolls
 c - a scroll of vulnerability
 h - 2 scrolls of teleportation
 y - a scroll of poison
Potions
 b - a potion of magic
 e - 3 potions of resistance
 g - a potion of enlightenment
 l - 3 potions of curing
 n - a potion of heal wounds
 p - 3 potions of attraction
 v - a potion of lignification {unknown}
 w - 2 potions of berserk rage {unknown}
 A - 2 potions of degeneration {unknown}
 B - a potion of ambrosia {unknown}
 H - a potion of cancellation {unknown}
 J - a potion of mutation {unknown}


   Skills:
 + Level 3.2 Fighting
 + Level 0.2 Axes
 + Level 2.3 Armour
 + Level 4.1 Dodging
 + Level 4.4 Stealth
 + Level 3.7 Spellcasting
 + Level 5.1 Summonings
 * Level 3.4 Fire Magic


You had 4 spell levels left.
You knew the following spells:

 Your Spells              Type           Power      Damage    Failure   Level
a - Summon Small Mammal   Summ           100%       N/A       1%          1
b - Call Imp              Summ           60%        N/A       1%          2
c - Call Canine Familiar  Summ           30%        N/A       1%          3
d - Summon Blazeheart Go  Fire/Summ      26%        N/A       6%          4

Your spell library contained the following spells:

 Spells                   Type           Power      Damage    Failure   Level
 Tukima's Dance           Hex            4%         N/A       12%         3
 Summon Lightning Spire   Summ/Air       17%        N/A       13%         4
 Brom's Barrelling Bould  Conj/Erth      4%         2d3       34%         4
 Dimensional Bullseye     Hex/Tloc       2%         N/A       34%         4
 Iskenderun's Mystic Bla  Conj/Tloc      4%         2d3       34%         4
 Infestation              Necr           2%         N/A       100%        8
 Lehudib's Crystal Spear  Conj/Erth      2%         10d2      100%        8


Dungeon Overview and Level Annotations

Branches:
Dungeon (7/15)             Temple (0/1) D:5

Shops:
D:1 [   D:3 =


Innate Abilities, Weirdness & Mutations

You have an increased reservoir of magic. (+10% MP)
You shall have no god before yourself.
Your divine heritage dramatically boosts your attributes as you level up.


Message History

The black bear bites you but does no damage.
The black bear claws you. x2
You barely miss the black bear.
The black bear is severely wounded.
The black bear barely misses you. The black bear misses you.
The black bear closely misses you.
Your blazeheart golem barely misses the black bear.
You hit the black bear.
The black bear is severely wounded.
The black bear goes berserk!
You hit the black bear.
The black bear is severely wounded.
The black bear misses you. The black bear closely misses you.
The black bear claws you but does no damage.
Your blazeheart golem punches the black bear!
The black bear dies!
Magic restored.
Your blazeheart golem disappears in a puff of smoke!
HP restored.
Found 3 stones.
You see here 3 stones.
E - 9 poisoned darts (gained 4)
A steam dragon comes into view.
The steam dragon hisses angrily.
The steam dragon bites you. The steam dragon claws you.
You closely miss the steam dragon. The steam dragon breathes steam at you.
The ball of steam hits you!!
You are engulfed in a cloud of scalding steam.
The steam dragon attacks as it pursues you!
The steam dragon closely misses you. The steam dragon barely misses you.
You are engulfed in a cloud of scalding steam.
You are engulfed in a cloud of scalding steam.
The steam dragon attacks as it pursues you!
The steam dragon misses you. The steam dragon barely misses you.
The steam dragon attacks as it pursues you!
The steam dragon closely misses you. x2
The steam dragon breathes steam at you. The ball of steam hits you!!
You die...

.# #.###...####.#
.# #............#
.#####.##.####..#
.......##.# #..#
.########.####..#
## #.....(.# #
######..########.#
#####...§D......#
........@#########
...# ####.....#
##.# #.....#
#.....# #.....#
##.##.# #. #.# #.
#.#


You could see a steam dragon (catching breath).

Vanquished Creatures
  An ogre (D:6)
  2 wights (D:5)
  A hound (D:6)
  2 adders
  3 orcs
  3 endoplasms
  A giant cockroach (D:3)
  A hobgoblin (D:4)
  4 ball pythons
  3 bats
  A frilled lizard (D:2)
  2 goblins (D:4)
  A kobold (D:3)
  4 rats
29 creatures vanquished.

Vanquished Creatures (collateral kills)
  A black bear (D:7)
  An ogre (D:4)
  2 scorpions
  3 wights
  2 bombardier beetles
  A howler monkey (D:5)
  3 jellies
  A hound (D:5)
  An orc priest (D:4)
  3 sleepcaps
  Terence (D:3)
  5 iguanas
  3 orc wizards
  3 adders
  2 ufetubi
  5 dart slugs
  A ribbon worm (D:4)
  18 orcs
  6 ball pythons
  An endoplasm (D:4)
  A giant cockroach (D:4)
  3 goblins (D:1)
  5 hobgoblins
  7 quokkas
  3 bats
  4 kobolds (D:1)
  2 rats (D:1)
88 creatures vanquished.

Vanquished Creatures (others)
  3 blazeheart cores
3 creatures vanquished.

Grand Total: 120 creatures vanquished

Notes
Turn   | Place    | Note
-------+----------+-------------------------------------------
     0 | D:1      | croobank the Demigod Summoner began the quest for the Orb.
     0 | D:1      | Reached XP level 1. HP: 14/14 MP: 5/5
   160 | D:1      | Found Deuneloz's Armour Boutique.
   288 | D:1      | Reached XP level 2. HP: 20/20 MP: 2/7
   339 | D:1      | Learned a level 2 spell: Call Imp
  1482 | D:2      | Reached XP level 3. HP: 26/26 MP: 8/8
  2079 | D:3      | Learned a level 3 spell: Call Canine Familiar
  2175 | D:3      | Noticed Terence
  2185 | D:3      | Killed Terence
  2186 | D:3      | Reached skill level 4 in Summonings
  2315 | D:3      | Reached XP level 4. HP: 28/34 MP: 10/10
  2413 | D:3      | Reached skill level 1 in Fighting
  2438 | D:3      | Found Cempysui's Jewellery Boutique.
  2459 | D:3      | Got the Incunabulum of Indurated Debased Secrets
  2870 | D:4      | Reached XP level 5. HP: 34/40 MP: 8/11
  3449 | D:4      | Reached XP level 6. HP: 45/48 MP: 3/13
  3454 | D:4      | Learned a level 4 spell: Summon Blazeheart Golem
  4138 | D:5      | Entered Level 5 of the Dungeon
  4193 | D:5      | Reached skill level 1 in Fire Magic
  4244 | D:5      | Found a staircase to the Ecumenical Temple.
  4314 | D:5      | Reached skill level 1 in Armour
  4385 | D:5      | HP: 2/47 [wight/+0 dagger (6)]
  4394 | D:5      | Reached XP level 7. HP: 5/55 MP: 2/14
  5980 | D:5      | Identified a scroll of acquirement
  5980 | D:5      | Acquired a ring of wizardry
  6025 | D:6      | Reached skill level 5 in Summonings
  6143 | D:6      | Reached XP level 8. HP: 62/63 MP: 16/16
  6654 | D:7      | Killed from afar by a steam dragon

Illustrated notes

Levels and vault maps discovered:
D:1:      heliophobic_arrival_enchanted_forest, layout_basic, serial_shops,
          shop, minmay_tall_x
D:2:      layout_loops_cross, basic_altar, serial_aquarium,
          aquarium_bridge_straight [aquarium_subvault_bridge,
          aquarium_subvault_window, aquarium_subvault_bridge,
          aquarium_subvault_wall], aquarium_window_2, aquarium_window_fake,
          aquarium_window_fake, aquarium_view_2b, aquarium_view_2d,
          aquarium_balcony_3b, aquarium_pool_S, ebering_ecumenical_altar_hall
D:3:      layout_rooms, serial_shops, shop, bh_walls_and_bars, uniq_terence
D:4:      layout_loops_ring
D:5:      layout_basic, temple_fountains
D:6:      cheibrodos_helix_gallery, layout_cave_pools, serial_glass,
          glass_columns_b, glass_columns_c, glass_columns_a
D:7:      layout_loops_ring, kennysheep_generic_room_2

Skill      XL: |  1  2  3  4  5  6  7 |
---------------+----------------------+-----
Dodging        | 2 3 4 |  4.1
Stealth        | 2 3 4 |  4.4
Spellcasting   | 2 3 |  3.7
Summonings     | 4 5 |  5.1
Fighting       | 1 2 3 |  3.2
Fire Magic     | 1 3 |  3.4
Armour         | 1 2 |  2.3
Axes           | |  0.2

Action                     |  1- 3 |  4- 6 |  7- 9 || total
---------------------------+-------+-------+-------++-------
  Melee: Unarmed           |     7 |       |       ||     7
         Dagger            |    37 |    66 |    19 ||   122
  Throw: Dart              |       |       |     4 ||     4
   Cast: Summon Small Mamm |    46 |    29 |    23 ||    98
         Call Imp          |    14 |    20 |    13 ||    47
         Call Canine Famil |     2 |    17 |    12 ||    31
         Summon Blazeheart |       |     1 |     4 ||     5
    Use: Scroll            |     1 |     8 |     8 ||    17
         Potion            |       |     3 |       ||     3
   Stab: Sleeping          |     3 |     8 |     1 ||    12
         Distracted        |     1 |     2 |       ||     3
 Armour: Robe              |    47 |    97 |    35 ||   179
  Dodge: Dodged            |    48 |    81 |    35 ||   164

Table legend: (Time is in decaauts)
 A = Elapsed time spent in this place.
 B = Non-inter-level travel time spent in this place.
 C = Inter-level travel time spent in this place.
 D = Time resting spent in this place.
 E = Time spent auto-exploring this place.
 F = Levels seen in this place.
 G = Mean time per level.
                   A        B        C        D        E       F      G
               +--------+--------+--------+--------+--------+-----+--------+
         Total |   6651 |   6516 |    135 |    923 |   4040 |   7 |  950.1 |
       Dungeon |   6651 |   6516 |    135 |    923 |   4040 |   7 |  950.1 |
               +--------+--------+--------+--------+--------+-----+--------+

Top non-repeatable levels by time:
     D:4: 1680 daAuts
     D:5: 1519 daAuts
     D:1: 1292 daAuts
     D:3: 760 daAuts
     D:2: 752 daAuts
     D:6: 540 daAuts
     D:7: 106 daAuts
